 Dungeon Crawl Stone Soup version 0.30-a0-313-gae38170b09 (webtiles) character file.

Game seed: 12639586145556350310

4 bande the Blocker (level 1, 0/13 HPs)
             Began as a Gnoll Wanderer on Oct 26, 2022.
             Frozen to death by an endoplasm (5 damage)
             ... on level 1 of the Dungeon.
             The game lasted 00:00:35 (244 turns).

bande the Blocker (Gnoll Wanderer)                   Turns: 244, Time: 00:00:36

Health: 0/13       AC:  6    Str: 12    XL:     1   Next: 70%
Magic:  4/4        EV:  6    Int: 12    God:
Gold:   27         SH:  8    Dex:  9    Spells: 5/5 levels left

rFire   . . .      SeeInvis .    a - +0 club
rCold   . . .      Faith    .    d - +2 buckler
rNeg    . . .      Spirit   .    b - +0 ring mail
rPois   .          Reflect  .    (no helmet)
rElec   .          Harm     .    (no cloak)
rCorr   .          Rampage  .    (no gloves)
Will    .....                    (no boots)
Stlth   +.........               (no amulet)
HPRegen 0.22/turn                (no ring)
MPRegen 0.09/turn                (no ring)

@: constricted
A: fangs 1, strong nose, distributed training
a: no special abilities


You were on level 1 of the Dungeon.
You visited 1 branch of the dungeon, and saw 1 of its levels.

You collected 27 gold pieces.

Inventory:

Hand Weapons
 a - a +0 club (weapon)
Armour
 b - a +0 ring mail (worn)
 d - a +2 buckler (worn)
Scrolls
 e - a scroll of immolation {unknown}
 f - 2 scrolls of blinking {unknown}
Potions
 c - a potion of haste
 g - a potion of curing {unknown}


   Skills:
 + Level 0.1 Fighting
 + Level 0.1 Short Blades
 + Level 0.1 Long Blades
 + Level 0.1 Axes
 + Level 0.1 Maces & Flails
 + Level 0.1 Polearms
 + Level 0.1 Staves
 + Level 0.1 Ranged Weapons
 + Level 0.1 Throwing
 + Level 4.4 Armour
 + Level 0.1 Dodging
 + Level 2.2 Stealth
 + Level 10.4 Shields
 + Level 0.1 Unarmed Combat
 + Level 2.6 Spellcasting
 + Level 0.1 Conjurations
 + Level 0.1 Hexes
 + Level 0.1 Summonings
 + Level 0.1 Necromancy
 + Level 0.1 Translocations
 + Level 2.0 Transmutations
 + Level 0.1 Fire Magic
 + Level 0.1 Ice Magic
 + Level 0.1 Air Magic
 + Level 0.1 Earth Magic
 + Level 0.1 Poison Magic
 + Level 0.2 Invocations
 + Level 0.1 Evocations


You had 5 spell levels left.
You didn't know any spells.
Your spell library contained the following spells:

 Spells                   Type           Power      Damage    Failure   Level
 Wereblood                Tmut           6%         N/A       41%         2
 Passwall                 Tmut/Erth      3%         N/A       54%         2


Dungeon Overview and Level Annotations

Branches:
Dungeon (1/15)

Altars:


Innate Abilities, Weirdness & Mutations

You have very sharp teeth.
Your uncanny sense of smell can sniff out nearby items.
Your experience applies equally to all skills.


Message History

The giant cockroach waves its antennae.
You block the giant cockroach's attack. x2; You block the kobold's attack.
You closely miss the kobold.
The kobold is severely wounded.
You block the giant cockroach's attack. The giant cockroach closely misses you.
The kobold closely misses you. The giant cockroach barely misses you.
The giant cockroach bites you.
You completely miss the kobold.
The kobold is severely wounded.
You block the giant cockroach's attack. You block the kobold's attack.
The giant cockroach bites you but does no damage.
You hit the kobold.
You kill the kobold!
The giant cockroach closely misses you. You block the giant cockroach's attack.
The endoplasm hits you but does no damage.
You block the giant cockroach's attack. The giant cockroach barely misses you.
The ball python bites you but does no damage.
You block the ball python's attack. The endoplasm freezes you.
You are frozen.
Your Transmutations skill increases to level 2!
You barely miss the endoplasm.
The giant cockroach closely misses you. x2
The ball python barely misses you. You block the ball python's attack.
The endoplasm freezes you.
You are frozen.
Unknown command.
You barely miss the endoplasm.
The giant cockroach bites you but does no damage.
You block the giant cockroach's attack. The ball python closely misses you.
You block the ball python's attack.
The endoplasm hits you but does no damage.
The giant cockroach barely misses you. x2; The ball python barely misses you.
The ball python closely misses you.
You barely miss the endoplasm. The giant cockroach closely misses you.
The giant cockroach bites you.
The ball python bites you but does no damage.
The ball python grabs you. The ball python constricts you.
The endoplasm freezes you.
You are frozen.
You die...

##### #...#
########.#.#
#........#.#
#.########.#
#######'## #.#
#...S@...# #.#
#...BJB..# #.#
...............
#.#
................
#.#
...$........#...
#.###
............#..?
#...#
............# ..
#.#.##
.....##+###.#
##...# #8.8#


You could see an endoplasm, 2 giant cockroaches and a ball python.

Vanquished Creatures
  A goblin (D:1)
  A kobold (D:1)
  A quokka (D:1)
  A ball python (D:1)
4 creatures vanquished.

Notes
Turn   | Place    | Note
-------+----------+-------------------------------------------
     0 | D:1      | Reached skill level 10 in Shields
     0 | D:1      | bande the Gnoll Wanderer began the quest for the Orb.
     0 | D:1      | bande set off with the following items: a +0 club, a +0
                  | ring mail, a potion of haste, a +2 buckler; and the
                  | following spells available to memorise: Wereblood,
                  | Passwall.
     0 | D:1      | Reached XP level 1. HP: 13/13 MP: 4/4
   244 | D:1      | Frozen to death by an endoplasm

Illustrated notes

Levels and vault maps discovered:
D:1:      dpeg_arrival_oval, layout_basic, serial_shops,
          nicolae_shop_advertising_works [nicolae_subvault_shop_adworks],
          chequers_avenue

Skill      XL: |  1 |
---------------+----+-----
Shields        | | 10.4
Transmutations | 2 |  2.0
Fighting       | |  0.1
Short Blades   | |  0.1
Long Blades    | |  0.1
Axes           | |  0.1
Maces & Flails | |  0.1
Polearms       | |  0.1
Staves         | |  0.1
Ranged Weapons | |  0.1
Throwing       | |  0.1
Armour         | |  4.4
Dodging        | |  0.1
Stealth        | |  2.2
Unarmed Combat | |  0.1
Spellcasting   | |  2.6
Conjurations   | |  0.1
Hexes          | |  0.1
Summonings     | |  0.1
Necromancy     | |  0.1
Translocations | |  0.1
Fire Magic     | |  0.1
Ice Magic      | |  0.1
Air Magic      | |  0.1
Earth Magic    | |  0.1
Poison Magic   | |  0.1
Invocations    | |  0.2
Evocations     | |  0.1

Action                   || total
-------------------------++-------
Melee: Club              ||    19
  Use: Scroll            ||     1
Armor: Ring mail         ||     8
Dodge: Dodged            ||    19
Block: Buckler           ||    19

Table legend: (Time is in decaauts)
 A = Elapsed time spent in this place.
 B = Non-inter-level travel time spent in this place.
 C = Inter-level travel time spent in this place.
 D = Time resting spent in this place.
 E = Time spent auto-exploring this place.
 F = Levels seen in this place.
 G = Mean time per level.
                   A        B        C        D        E       F      G
               +--------+--------+--------+--------+--------+-----+--------+
         Total |    249 |    249 |      0 |      0 |    206 |   1 |  249.0 |
       Dungeon |    249 |    249 |      0 |      0 |    206 |   1 |  249.0 |
               +--------+--------+--------+--------+--------+-----+--------+

Top non-repeatable levels by time:
     D:1: 249 daAuts
